 Dungeon Crawl Stone Soup version 0.22-a0-181-gb22368a (webtiles) character file.

41 Amnesiac the Magician (level 3, 0/24 HPs)
             Began as a Mummy Earth Elementalist on Feb 14, 2018.
             Slain by a giant cockroach (2 damage)
             ... on level 2 of the Dungeon.
             The game lasted 00:00:41 (331 turns).

Amnesiac the Magician (Mummy Earth Elementalist)     Turns: 331, Time: 00:00:42

Health: 0/24       AC:  2    Str: 11    XL:     3   Next: 32%
Magic:  3/7        EV: 12    Int: 15    God:
Gold:   16         SH:  0    Dex: 12    Spells: 5/8 levels left

rFire    x . .     SeeInvis .   (no weapon)
rCold    + . .     Gourm    .   (no shield)
rNeg     + + +     Faith    .   c - +0 robe
rPois    ∞         Spirit   .   (no helmet)
rElec    .         Reflect  .   (no cloak)
rCorr    .         Harm     .   (no gloves)
MR       .....                  (no boots)
Stlth    ++........             (no amulet)
HPRegen  0.08/turn              (no ring)
MPRegen  0.10/turn              (no ring)

@: no status effects
A: no food or potions, fire vulnerability, cold resistance 1, negative energy
resistance 3, torment resistance, unbreathing
a: no special abilities


You were on level 2 of the Dungeon.
You were not hungry.

You visited 1 branch of the dungeon, and saw 3 of its levels.

You collected 16 gold pieces.

Inventory:

Missiles
 b - 21 stones (quivered)
Armour
 c - a +0 robe (worn)
Scrolls
 a - a scroll of amnesia {!r, unknown}
 e - a scroll of enchant armour {!r, unknown}
Books
 d - a book of Geomancy

   Spells                             Type                      Level
   a - Sandblast                      Earth                        1
   b - Passwall                       Transmutation/Earth          2
   c - Stone Arrow                    Conjuration/Earth            3
   d - Petrify                        Transmutation/Earth          4
   e - Lee's Rapid Deconstruction     Earth                        5


   Skills:
 - Level 1.5 Dodging
 - Level 1.5 Stealth
 + Level 3.4 Spellcasting
 - Level 0.7 Transmutations
 * Level 3.3 Earth Magic


You had 5 spell levels left.
You knew the following spells:

 Your Spells              Type           Power        Failure   Level  Hunger
a - Sandblast             Erth           ##....       4%          1    N/A
b - Passwall              Tmut/Erth      #.........   13%         2    N/A

Dungeon Overview and Level Annotations

Branches:
Dungeon (3/15)

Altars:


Innate Abilities, Weirdness & Mutations

You do not eat or drink.
Your flesh is vulnerable to fire.
You are immune to poison.
Your flesh is cold resistant. (rC+)
You are immune to negative energy. (rN+++)
You are immune to unholy pain and torment.
You can survive without breathing.


Message History

There is a stone staircase leading up here.
Casting: Sandblast (safe; 6% risk of failure)
Confirm with . or Enter, or press ? or * to list all spells.
Aiming: Sandblast (safe; 6% risk of failure)
Press: ? - help, Shift-Dir - straight line, f - orc wizard
Aim: an orc wizard, wielding a dagger and wearing a robe The blast of sand hits the orc wizard.
The orc wizard is severely wounded.
b - 24 stones The orc priest shouts!
The orc wizard casts a spell at you.
You are confused.
The orc priest moves out of view.
A giant cockroach comes into view.
The worm moves out of view.
In your confused state, you trip and fall back down the stairs.
The giant cockroach barely misses you. The giant cockroach closely misses you.
The orc wizard misses you.
You climb upwards.
There is a stone staircase leading down here.
You miss the orc wizard.
The orc wizard is severely wounded.
You feel less confused. The giant cockroach closely misses you.
The orc hits you. The orc wizard closely misses you.
The giant cockroach closely misses you.
Casting: Sandblast (safe; 6% risk of failure)
Confirm with . or Enter, or press ? or * to list all spells.
Aiming: Sandblast (safe; 6% risk of failure)
Press: ? - help, Shift-Dir - straight line, f - orc wizard
Aim: an orc wizard, wielding a dagger and wearing a robe (severely wounded)
The blast of sand misses the orc wizard.
b - 23 stones The orc barely misses you.
The giant cockroach barely misses you. The orc wizard casts a spell at you.
The puff of flame hits you! The fire burns you terribly!
* * * LOW HITPOINT WARNING * * *
Unknown command.
Casting: Sandblast (safe; 6% risk of failure)
Confirm with . or Enter, or press ? or * to list all spells.
Aiming: Sandblast (safe; 6% risk of failure)
Press: ? - help, Shift-Dir - straight line, f/p - orc wizard
Aim: an orc wizard, wielding a dagger and wearing a robe (severely wounded)
The blast of sand hits the orc wizard.
The orc wizard is severely wounded.
b - 22 stones The orc closely misses you.
The giant cockroach bites you.
* * * LOW HITPOINT WARNING * * *
The orc wizard hits you with a dagger.
* * * LOW HITPOINT WARNING * * *
Unknown command.
Casting: Sandblast (safe; 6% risk of failure)
Confirm with . or Enter, or press ? or * to list all spells.
Aiming: Sandblast (safe; 6% risk of failure)
Press: ? - help, Shift-Dir - straight line, f/p - orc wizard
Aim: an orc wizard, wielding a dagger and wearing a robe (severely wounded)
The blast of sand hits the orc wizard.
You kill the orc wizard!
You have reached level 3!
Your experience leads to an increase in your attributes!
Increase (S)trength, (I)ntelligence, or (D)exterity?
You feel clever.
b - 21 stones The orc closely misses you.
The giant cockroach bites you.
You die...

####......
..<....... ##.
.......... ..
......#### ###.#
......# ....
......# #..#
......# #..#
......# #)s#
......# #@.#
....#.# #.o#
..###.# #..#
..###.###### #..#
.......>...#####..#
#.########........#
#.# ########.# #.#
#.# #.#


You could see an orc and a giant cockroach.

Vanquished Creatures
  An orc wizard (D:2)
  An adder (D:2)
  A leopard gecko (D:1)
  2 goblins (D:1)
  A frilled lizard (D:1)
  2 rats (D:1)
8 creatures vanquished.

Notes
Turn   | Place    | Note
-------+----------+-------------------------------------------
     0 | D:1      | Amnesiac the Mummy Earth Elementalist began the quest for the Orb.
     0 | D:1      | Reached XP level 1. HP: 13/13 MP: 4/4
   245 | D:2      | Reached XP level 2. HP: 18/19 MP: 3/6
   254 | D:2      | Learned a level 2 spell: Passwall
   331 | D:2      | Reached XP level 3. HP: 2/24 MP: 2/7
   331 | D:2      | Slain by a giant cockroach

Vault maps used:
D:1:      tarquinn_simple_flora_water_e
D:2:      lemuel_doored_altar, first_ration
D:3:      uniq_sigmund

Skill      XL: |  1 |
---------------+----+-----
Spellcasting   | 3 |  3.4
Earth Magic    | 3 |  3.3
Dodging        | |  1.5
Stealth        | |  1.5
Transmutations | |  0.7

Action                   || total
-------------------------++-------
Melee: Unarmed           ||    16
 Cast: Sandblast         ||     9
Armor: Robe              ||     3
Dodge: Dodged            ||    18

Table legend:
 A = Spawn XP
 B = Non-spawn XP
 C = Spawn XP percentage of total XP
 D = Spawn monster count
 E = Non-spawn monster count
 F = Spawn count percentage of total count
 G = Total turns spent on level
                    A         B        C        D         E        F      G
               +---------+---------+-------+---------+---------+-------+---------
         Total |       0 |      59 |   0.0 |       0 |       8 |   0.0 |   331
               +---------+---------+-------+---------+---------+-------+---------
           D:1 |       0 |      10 |   0.0 |       0 |       6 |   0.0 |   241
           D:2 |       0 |      49 |   0.0 |       0 |       2 |   0.0 |    85
               +---------+---------+-------+---------+---------+-------+---------
